NYP
IDAHO FALLS CHUKARS @ CHICAGO (NYP) WHITE SOX
06/12/2045
 
TOP OF THE 1ST
Idaho Falls Chukars batting - Pitching for Chicago (NYP) White Sox : RHP Jay Cowgill
Pitching: RHP Jay Cowgill
Batting: LHB John Wagner 0-0: Fly out, F7 (Flyball, 7LS, EV 72.5 MPH)
Batting: RHB Kevin Allen 0-0: Ball
1-0: Ball
2-0: Ground out 4-3 (Groundball, 4, EV 86.2 MPH)
Batting: LHB David Bearden 0-0: Called Strike
0-1: Ball
1-1: Ball
2-1: SOLO HOME RUN (Flyball, 9LD, EV 96.2 MPH), Distance : 344 ft
Batting: LHB Josh Dalton 0-0: Called Strike
0-1: Ball
1-1: Ball
2-1: Ball
3-1: Foul Ball, location: 2F
3-2: DOUBLE (Line Drive, 7LM, EV 109.4 MPH)
Batting: RHB Nate De Jongh 0-0: DOUBLE (Groundball, 3L, EV 103.1 MPH)
Josh Dalton scores
Batting: SHB Ryoji Hiraoka 0-0: Hit by Pitch
Batting: RHB Ben Minge 0-0: Called Strike
0-1: Called Strike
0-2: SINGLE (Line Drive, 7S, EV 92.5 MPH)
Nate De Jongh to third
Ryoji Hiraoka to second
Runner from 3rd tries for Home, SAFE, throw by LF to home
Batting: RHB Edwin Ramos 0-0: Foul Ball, location: 2F
0-1: Ball
1-1: Ball
2-1: Ball
3-1: Fly out, F3 (Popup, 34, EV 60.0 MPH)
Top of the 1st over - 3 runs, 4 hits, 0 errors, 2 left on base; Idaho Falls 3 - Chicago (NYP) 0
BOTTOM OF THE 1ST
Chicago (NYP) White Sox batting - Pitching for Idaho Falls Chukars : RHP Matt Slater
Pitching: RHP Matt Slater
Batting: LHB Adam Tarbutton 0-0: Ball
1-0: Foul Ball, location: 2F
1-1: Swinging Strike
1-2: Ball
2-2: Strikes out swinging
Batting: RHB Josiah Wright 0-0: Ground out 5-3 (Groundball, 56S, EV 70.6 MPH)
Batting: LHB Josh Pittman 0-0: Foul Ball, location: 2F
0-1: Foul Ball, location: 2F
0-2: Ball
1-2: Foul Ball, location: 2F
1-2: DOUBLE (Line Drive, 78D, EV 110.0 MPH)
Batting: LHB Herkko Haavikko 0-0: Called Strike
0-1: DOUBLE (Flyball, 89XD, EV 103.1 MPH)
Josh Pittman scores
Batting: RHB Vic Lucatero 0-0: Foul Ball, location: 2F
0-1: Ball
Wild Pitch!
Herkko Haavikko to third
1-1: Ball
2-1: Foul Ball, location: 2F
2-2: Ball
3-2: Base on Balls
Pitching: RHP Bryan Kiefer
Batting: RHB Mark Jones 0-0: Ball
1-0: Ball
Wild Pitch!
Herkko Haavikko scores
Vic Lucatero to second
2-0: Ball
3-0: Called Strike
3-1: Fly out, F5 (Line Drive, 5, EV 66.9 MPH)
Bottom of the 1st over - 2 runs, 2 hits, 0 errors, 1 left on base; Idaho Falls 3 - Chicago (NYP) 2
TOP OF THE 2ND
Idaho Falls Chukars batting - Pitching for Chicago (NYP) White Sox : RHP Jay Cowgill
Batting: RHB Timotheus Cooper 0-0: Ball
1-0: Foul Ball, location: 2F
1-1: Ball
2-1: Ball
3-1: Fly out, F4 (Popup, 3S, EV 92.5 MPH)
Batting: LHB John Wagner 0-0: Ball
1-0: Called Strike
1-1: Ball
2-1: Ball
3-1: Foul Ball, location: 2F
3-2: Ground out 5-3 (Groundball, 5, EV 81.2 MPH)
Batting: RHB Kevin Allen 0-0: Ball
1-0: Fly out, F9 (Flyball, 9D, EV 99.4 MPH)
Top of the 2nd over - 0 runs, 0 hits, 0 errors, 0 left on base; Idaho Falls 3 - Chicago (NYP) 2
BOTTOM OF THE 2ND
Chicago (NYP) White Sox batting - Pitching for Idaho Falls Chukars : RHP Bryan Kiefer
Batting: RHB Nick Richardson 0-0: Ball
1-0: Foul Ball, location: 2F
1-1: Ball
2-1: SOLO HOME RUN (Flyball, 7D, EV 103.8 MPH), Distance : 400 ft
Batting: RHB Blake Kelly 0-0: Called Strike
0-1: Foul Ball, location: 2F
0-2: Strikes out swinging
Batting: RHB Carsten Koers 0-0: Ball
1-0: SINGLE (Groundball, 56S, EV 69.4 MPH) (infield hit)
Batting: LHB Adam Tarbutton 0-0: Ball
Carsten Koers steals 2nd base
1-0: Swinging Strike
1-1: Ground out 1-3 (Groundball, 13, EV 67.5 MPH)
Carsten Koers to third
Batting: RHB Josiah Wright 0-0: DOUBLE (Flyball, 8LXD, EV 95.6 MPH)
Carsten Koers scores
Pitching: RHP Philip Terrell
Batting: LHB Josh Pittman 0-0: Swinging Strike
0-1: Ball
1-1: Ball
2-1: Ball
3-1: Foul Ball, location: 2F
3-2: 2-RUN HOME RUN (Line Drive, 9D, EV 95.6 MPH), Distance : 391 ft
Batting: LHB Herkko Haavikko 0-0: Foul Ball, location: 2F
0-1: Foul Ball, location: 2F
0-2: Ball
1-2: Foul Ball, location: 2F
1-2: Strikes out swinging
Bottom of the 2nd over - 4 runs, 4 hits, 0 errors, 0 left on base; Idaho Falls 3 - Chicago (NYP) 6
TOP OF THE 3RD
Idaho Falls Chukars batting - Pitching for Chicago (NYP) White Sox : RHP Jay Cowgill
Batting: LHB David Bearden 0-0: Foul Ball, location: 2F
0-1: Fly out, F9 (Flyball, 9LS, EV 75.0 MPH)
Batting: LHB Josh Dalton 0-0: Ball
1-0: Ball
2-0: Called Strike
2-1: Foul Ball, location: 2F
2-2: Fly out, F8 (Flyball, 8LD, EV 100.6 MPH)
Batting: RHB Nate De Jongh 0-0: Ball
1-0: Foul Ball, location: 2F
1-1: Called Strike
1-2: SINGLE (Groundball, 56D, EV 94.4 MPH)
Batting: SHB Ryoji Hiraoka 0-0: TRIPLE (Flyball, 89XD, EV 98.8 MPH)
Nate De Jongh scores
Batting: RHB Ben Minge 0-0: Ball
1-0: Called Strike
1-1: Called Strike
1-2: DOUBLE (Line Drive, 7LS, EV 105.0 MPH)
Ryoji Hiraoka scores
Batting: RHB Edwin Ramos 0-0: Called Strike
0-1: Foul Ball, location: 2F
0-2: Ball
1-2: Ground out 5-3 (Groundball, 56S, EV 83.8 MPH)
Top of the 3rd over - 2 runs, 3 hits, 0 errors, 1 left on base; Idaho Falls 5 - Chicago (NYP) 6
BOTTOM OF THE 3RD
Chicago (NYP) White Sox batting - Pitching for Idaho Falls Chukars : RHP Philip Terrell
Batting: RHB Vic Lucatero 0-0: Ball
1-0: Called Strike
1-1: Ball
2-1: Ball
3-1: DOUBLE (Flyball, 89XD, EV 107.5 MPH)
Batting: RHB Mark Jones 0-0: Called Strike
0-1: Foul Ball, location: 2F
0-2: Strikes out swinging
Pitching: RHP Mike Tuck
Batting: RHB Nick Richardson 0-0: Called Strike
0-1: Ball
1-1: Foul Ball, location: 2F
1-2: Ball
2-2: Ball
3-2: 2-RUN HOME RUN (Flyball, 89XD, EV 106.9 MPH), Distance : 428 ft
Batting: RHB Blake Kelly 0-0: Ball
1-0: Foul Ball, location: 2F
1-1: SINGLE (Groundball, 56D, EV 102.5 MPH)
Batting: RHB Carsten Koers 0-0: Called Strike
0-1: Foul Ball, location: 2F
0-2: Ball
1-2: Foul Ball, location: 2F
1-2: Fly out, F9 (Flyball, 9LS, EV 83.1 MPH)
Batting: LHB Adam Tarbutton 0-0: Ball
Wild Pitch!
Blake Kelly to second
1-0: DOUBLE (Line Drive, 3D, EV 98.8 MPH)
Blake Kelly scores
Batting: RHB Josiah Wright 0-0: Ball
1-0: Called Strike
1-1: Ball
2-1: Ball
3-1: Base on Balls
Pitching: RHP Howie Seidler
Batting: LHB Josh Pittman 0-0: Ball
1-0: Ball
2-0: Ball
Wild Pitch!
Adam Tarbutton to third
Josiah Wright to second
3-0: Called Strike
3-1: Base on Balls
Batting: LHB Herkko Haavikko 0-0: Foul Ball, location: 2F
0-1: GRAND SLAM HOME RUN (Flyball, 89XD, EV 112.5 MPH), Distance : 442 ft
Batting: RHB Vic Lucatero 0-0: Ball
1-0: Ball
2-0: Ball
3-0: Called Strike
3-1: Base on Balls
Batting: RHB Mark Jones 0-0: DOUBLE (Line Drive, 8RXD, EV 108.8 MPH)
Vic Lucatero to third
Runner from 3rd tries for Home, SAFE, no throw by CF
Batting: RHB Nick Richardson 0-0: Ball
1-0: Called Strike
1-1: Ball
2-1: Ball
3-1: Base on Balls
Pitching: RHP Gary Ackerman
Batting: RHB Blake Kelly 0-0: Ball
1-0: Ball
2-0: Called Strike
2-1: Swinging Strike
2-2: Ground out 4-3 (Groundball, 4, EV 81.9 MPH)
Bottom of the 3rd over - 8 runs, 6 hits, 0 errors, 2 left on base; Idaho Falls 5 - Chicago (NYP) 14
TOP OF THE 4TH
Idaho Falls Chukars batting - Pitching for Chicago (NYP) White Sox : RHP Jay Cowgill
Batting: RHB Timotheus Cooper 0-0: Ball
1-0: SINGLE (Flyball, 89M, EV 98.1 MPH)
Pitching: RHP John Bryan
Batting: LHB John Wagner 0-0: Ball
1-0: Ball
2-0: Ball
3-0: Base on Balls
Timotheus Cooper to second
Batting: RHB Kevin Allen 0-0: Called Strike
0-1: Ball
1-1: Reached via error on a dropped throw from C, E4 (Groundball, 15S, EV 72.5 MPH)
Timotheus Cooper to third
John Wagner to second
Batting: LHB David Bearden 0-0: Called Strike
0-1: Called Strike
0-2: Ball
Wild Pitch!
Timotheus Cooper scores
John Wagner to third
Kevin Allen to second
1-2: Fly out, F8 (Flyball, 78XD, EV 108.1 MPH)
Runner from 3rd tags up, SCORES, no throw by CF
Kevin Allen to third
Batting: LHB Josh Dalton 0-0: Swinging Strike
0-1: Ball
1-1: Foul Ball, location: 2F
1-2: Ball
2-2: Strikes out swinging
Batting: RHB Nate De Jongh 0-0: Ball
Wild Pitch!
Kevin Allen scores
1-0: Foul Ball, location: 2F
1-1: Swinging Strike
1-2: Foul Ball, location: 2F
1-2: Ball
2-2: Foul Ball, location: 2F
2-2: DOUBLE (Groundball, 5L, EV 105.0 MPH)
Batting: SHB Ryoji Hiraoka 0-0: 2-RUN HOME RUN (Flyball, 9D, EV 99.4 MPH), Distance : 387 ft
Pitching: RHP Nate Davis
Batting: RHB Ben Minge 0-0: Called Strike
0-1: Ball
1-1: Foul Ball, location: 2F
1-2: Foul Ball, location: 2F
1-2: Foul Ball, location: 2F
1-2: Ball
2-2: Foul Ball, location: 2F
2-2: Fly out, F9 (Flyball, 9LM, EV 88.1 MPH)
Top of the 4th over - 5 runs, 3 hits, 1 error, 0 left on base; Idaho Falls 10 - Chicago (NYP) 14
BOTTOM OF THE 4TH
Chicago (NYP) White Sox batting - Pitching for Idaho Falls Chukars : RHP Gary Ackerman
Batting: RHB Carsten Koers 0-0: Ball
1-0: Foul Ball, location: 2F
1-1: Ball
2-1: Ball
3-1: Base on Balls
Batting: LHB Adam Tarbutton 0-0: Ball
1-0: Called Strike
1-1: Ball
2-1: Ball
Wild Pitch!
Carsten Koers to second
3-1: Base on Balls
Batting: RHB Josiah Wright 0-0: Called Strike
0-1: Ball
1-1: Ball
2-1: Foul Ball, location: 2F
2-2: Fly out, F7 (Flyball, 78M, EV 91.2 MPH)
Batting: LHB Josh Pittman 0-0: Ball
1-0: Ball
2-0: Called Strike
2-1: Foul Ball, location: 2F
2-2: Strikes out swinging
Batting: LHB Herkko Haavikko 0-0: Called Strike
0-1: Ball
1-1: Ball
2-1: Ball
3-1: Base on Balls
Carsten Koers to third
Adam Tarbutton to second
Batting: RHB Vic Lucatero 0-0: Foul Ball, location: 2F
0-1: Ball
1-1: Fly out, F8 (Flyball, 8RXD, EV 109.4 MPH)
Bottom of the 4th over - 0 runs, 0 hits, 0 errors, 3 left on base; Idaho Falls 10 - Chicago (NYP) 14
TOP OF THE 5TH
Idaho Falls Chukars batting - Pitching for Chicago (NYP) White Sox : RHP Nate Davis
Batting: RHB Edwin Ramos 0-0: Ball
1-0: Swinging Strike
1-1: Ground out 4-3 (Groundball, 4, EV 104.4 MPH)
Batting: RHB Timotheus Cooper 0-0: Ball
1-0: Ball
2-0: Called Strike
2-1: Swinging Strike
2-2: Strikes out swinging
Batting: LHB John Wagner 0-0: Ball
1-0: Called Strike
1-1: SOLO HOME RUN (Flyball, 9D, EV 108.1 MPH), Distance : 400 ft
Batting: RHB Kevin Allen 0-0: Foul Ball, location: 2F
0-1: Ball
1-1: Foul Ball, location: 2F
1-2: Strikes out swinging
Top of the 5th over - 1 run, 1 hit, 0 errors, 0 left on base; Idaho Falls 11 - Chicago (NYP) 14
BOTTOM OF THE 5TH
Chicago (NYP) White Sox batting - Pitching for Idaho Falls Chukars : RHP Gary Ackerman
Batting: RHB Mark Jones 0-0: Ball
1-0: Swinging Strike
1-1: Fly out, F8 (Flyball, 78D, EV 99.4 MPH)
Batting: RHB Nick Richardson 0-0: Ball
1-0: Ball
2-0: Called Strike
2-1: Ball
3-1: Foul Ball, location: 2F
3-2: Base on Balls
Batting: RHB Blake Kelly 0-0: Called Strike
0-1: Called Strike
0-2: Strikes out swinging
Batting: RHB Carsten Koers 0-0: Called Strike
0-1: Ground out 4-3 (Groundball, 4, EV 83.1 MPH)
Bottom of the 5th over - 0 runs, 0 hits, 0 errors, 1 left on base; Idaho Falls 11 - Chicago (NYP) 14
TOP OF THE 6TH
Idaho Falls Chukars batting - Pitching for Chicago (NYP) White Sox : RHP Nate Davis
Batting: LHB David Bearden 0-0: Ball
1-0: Foul Ball, location: 2F
1-1: Foul Ball, location: 2F
1-2: Ball
2-2: Strikes out swinging
Batting: LHB Josh Dalton 0-0: Foul Ball, location: 2F
0-1: Ball
1-1: Ball
2-1: Foul Ball, location: 2F
2-2: Ball
3-2: Strikes out swinging
Batting: RHB Nate De Jongh 0-0: Ball
1-0: Foul Ball, location: 2F
1-1: Foul Ball, location: 2F
1-2: Ball
2-2: Fly out, F8 (Line Drive, 8LD, EV 91.2 MPH)
Top of the 6th over - 0 runs, 0 hits, 0 errors, 0 left on base; Idaho Falls 11 - Chicago (NYP) 14
BOTTOM OF THE 6TH
Chicago (NYP) White Sox batting - Pitching for Idaho Falls Chukars : RHP Gary Ackerman
Batting: LHB Adam Tarbutton 0-0: Called Strike
0-1: Swinging Strike
0-2: Ball
1-2: Ball
2-2: Ground out 3-1 (Groundball, 34, EV 77.5 MPH)
Batting: RHB Josiah Wright 0-0: Ball
1-0: Swinging Strike
1-1: Called Strike
1-2: Ground out 6-3 (Groundball, 6D, EV 100.6 MPH)
Batting: LHB Josh Pittman 0-0: Ball
1-0: Ball
2-0: Ball
3-0: Base on Balls
Batting: LHB Herkko Haavikko 0-0: Ball
Passed Ball!
Josh Pittman to second
1-0: Foul Ball, location: 2F
1-1: Foul Ball, location: 2F
1-2: Ball
2-2: Foul Ball, location: 2F
2-2: Ball
3-2: Base on Balls
Pitching: LHP Randy Stapleton
Batting: RHB Vic Lucatero 0-0: Ball
1-0: Swinging Strike
1-1: Called Strike
1-2: Ball
2-2: Reached via error on a dropped throw from 1B, E1 (Groundball, 34, EV 85.0 MPH)
Josh Pittman to third
Herkko Haavikko to second
Batting: RHB Mark Jones 0-0: Ball
1-0: Ball
2-0: Ball
3-0: Base on Balls
Josh Pittman scores
Herkko Haavikko to third
Vic Lucatero to second
Batting: RHB Nick Richardson 0-0: Called Strike
0-1: Hit by Pitch
Herkko Haavikko scores
Vic Lucatero to third
Mark Jones to second
Batting: RHB Blake Kelly 0-0: Ball
1-0: SINGLE (Groundball, 56, EV 100.6 MPH)
Vic Lucatero scores
Mark Jones to third
Nick Richardson to second
Runner from 3rd tries for Home, SAFE, throw by LF to home
Batting: RHB Carsten Koers 0-0: Foul Ball, location: 2F
0-1: Ball
1-1: Ball
2-1: Fielders Choice at 2nd, 5-4 (Groundball, 56, EV 88.8 MPH)
Bottom of the 6th over - 4 runs, 1 hit, 1 error, 2 left on base; Idaho Falls 11 - Chicago (NYP) 18
TOP OF THE 7TH
Idaho Falls Chukars batting - Pitching for Chicago (NYP) White Sox : RHP Nate Davis
Batting: SHB Ryoji Hiraoka 0-0: Foul Ball, location: 2F
0-1: Called Strike
0-2: Strikes out looking
Batting: RHB Ben Minge 0-0: Called Strike
0-1: SINGLE (Line Drive, 9LS, EV 110.6 MPH)
Batting: RHB Edwin Ramos 0-0: Called Strike
0-1: Grounds into double play, 5-4-3 (Groundball, 56, EV 105.0 MPH)
Top of the 7th over - 0 runs, 1 hit, 0 errors, 0 left on base; Idaho Falls 11 - Chicago (NYP) 18
BOTTOM OF THE 7TH
Chicago (NYP) White Sox batting - Pitching for Idaho Falls Chukars : LHP Randy Stapleton
Batting: LHB Adam Tarbutton 0-0: Ball
1-0: Foul Ball, location: 2F
1-1: Swinging Strike
1-2: Ground out 6-3 (Groundball, 6M, EV 90.6 MPH)
Batting: RHB Josiah Wright 0-0: Ball
1-0: Called Strike
1-1: SOLO HOME RUN (Flyball, 7D, EV 110.0 MPH), Distance : 406 ft
Batting: LHB Josh Pittman 0-0: Called Strike
0-1: Called Strike
0-2: Ball
1-2: Ball
2-2: Foul Ball, location: 2F
2-2: Foul Ball, location: 2F
2-2: Ground out 5-3 (Groundball, 5, EV 83.8 MPH)
Batting: LHB Herkko Haavikko 0-0: Ball
1-0: Called Strike
1-1: Fly out, F7 (Line Drive, 7D, EV 90.0 MPH)
Bottom of the 7th over - 1 run, 1 hit, 0 errors, 0 left on base; Idaho Falls 11 - Chicago (NYP) 19
TOP OF THE 8TH
Idaho Falls Chukars batting - Pitching for Chicago (NYP) White Sox : RHP Nate Davis
Batting: RHB Timotheus Cooper 0-0: Called Strike
0-1: Ball
1-1: Ball
2-1: Called Strike
2-2: Foul Ball, location: 2F
2-2: Ball
3-2: Base on Balls
Batting: LHB John Wagner 0-0: Swinging Strike
0-1: Called Strike
0-2: Ball
1-2: Strikes out swinging
Pitching: RHP Fernando Fierros
Batting: RHB Kevin Allen 0-0: Ball
1-0: Called Strike
1-1: Foul Ball, location: 2F
1-2: Strikes out swinging
Batting: LHB David Bearden 0-0: Swinging Strike
0-1: Ball
1-1: Ball
2-1: Ball
3-1: Base on Balls
Timotheus Cooper to second
Batting: LHB Josh Dalton 0-0: Ball
1-0: Called Strike
1-1: Foul Ball, location: 2F
1-2: Ground out 4-3 (Groundball, 34, EV 103.1 MPH)
Top of the 8th over - 0 runs, 0 hits, 0 errors, 2 left on base; Idaho Falls 11 - Chicago (NYP) 19
BOTTOM OF THE 8TH
Chicago (NYP) White Sox batting - Pitching for Idaho Falls Chukars : LHP Randy Stapleton
Batting: RHB Vic Lucatero 0-0: Ball
1-0: Ball
2-0: Fly out, F7 (Flyball, 78D, EV 96.2 MPH)
Batting: RHB Mark Jones 0-0: Ground out 6-3 (Groundball, 6, EV 80.0 MPH)
Batting: RHB Nick Richardson 0-0: Ball
1-0: Ball
2-0: Ball
3-0: Called Strike
3-1: Called Strike
3-2: Base on Balls
Batting: RHB Blake Kelly 0-0: Ball
1-0: Called Strike
1-1: Ball
2-1: Ball
3-1: Foul Ball, location: 2F
3-2: Base on Balls
Nick Richardson to second
Batting: RHB Carsten Koers 0-0: Called Strike
0-1: Ball
1-1: Ball
Wild Pitch!
Nick Richardson to third
Blake Kelly to second
2-1: Foul Ball, location: 2F
2-2: Foul Ball, location: 2F
2-2: Ball
3-2: Base on Balls
Batting: LHB Adam Tarbutton 0-0: Called Strike
0-1: Foul Ball, location: 2F
0-2: Ball
1-2: Ball
2-2: Foul Ball, location: 2F
2-2: Ball
Balk!
Nick Richardson scores
Blake Kelly to third
Carsten Koers to second
3-2: Ground out 6-3 (Groundball, 6, EV 104.4 MPH)
Bottom of the 8th over - 1 run, 0 hits, 0 errors, 2 left on base; Idaho Falls 11 - Chicago (NYP) 20
TOP OF THE 9TH
Idaho Falls Chukars batting - Pitching for Chicago (NYP) White Sox : RHP Fernando Fierros
Batting: RHB Nate De Jongh 0-0: TRIPLE (Line Drive, 9LD, EV 104.4 MPH)
Pinch Runner at 3rd Joe Cozart:
Batting: SHB Ryoji Hiraoka 0-0: Ground out 4-3 (Groundball, 4D, EV 88.1 MPH)
Joe Cozart scores
Batting: RHB Ben Minge 0-0: Ball
1-0: Ball
2-0: Ball
3-0: Called Strike
3-1: Base on Balls
Batting: RHB Edwin Ramos 0-0: Ball
1-0: SINGLE (Groundball, 6S, EV 70.0 MPH) (infield hit)
Ben Minge to second
Batting: RHB Timotheus Cooper 0-0: Called Strike
0-1: Ball
1-1: SINGLE (Groundball, 56D, EV 105.6 MPH)
Ben Minge to third
Edwin Ramos to second
Batting: LHB John Wagner 0-0: Called Strike
0-1: Grounds into double play, 6-4-3 (Groundball, 6, EV 103.8 MPH)
Top of the 9th over - 1 run, 3 hits, 0 errors, 2 left on base; Idaho Falls 12 - Chicago (NYP) 20
Wednesday, June 22nd , 2022 - OOTP Baseball 23.4 Build 64